 Dungeon Crawl Stone Soup version 0.22.1-1-ga44c0e5 (console) character file.

198 erker the Chopper (level 5, -4/69 HPs)
             Began as a Minotaur Fighter on Oct 5, 2018.
             Killed from afar by an orc wizard (7 damage)
             ... with a magic dart
             ... on level 4 of the Dungeon.
             The game lasted 00:05:48 (1913 turns).

erker the Chopper (Minotaur Fighter)                Turns: 1913, Time: 00:05:49

Health: -4/69      AC:  7    Str: 27    XL:     5   Next: 47%
Magic:  4/4        EV:  8    Int:  5    God:
Gold:   182        SH: 10    Dex:  9    Spells: 4/4 levels left

rFire    + . .     SeeInvis .   a - +0 war axe
rCold    . . .     Gourm    .   c - +0 shield
rNeg     . . .     Faith    .   b - +0 scale mail
rPois    .         Spirit   .   (helmet restricted)
rElec    .         Reflect  .   (no cloak)
rCorr    .         Harm     .   (no gloves)
MR       .....                  (no boots)
Stlth    ..........             (no amulet)
HPRegen  0.21/turn              i - ring of protection from fire
MPRegen  0.09/turn              (no ring)

@: mighty, berserking, lethally poisoned (-4 -> -6), very quick
A: retaliatory headbutt, horns 2
a: no special abilities


You were on level 4 of the Dungeon.
You were hungry.

You visited 1 branch of the dungeon, and saw 4 of its levels.

You collected 182 gold pieces.

Inventory:

Hand Weapons
 a - a +0 war axe (weapon)
Missiles
 m - 14 bolts
 n - 4 javelins (quivered)
Armour
 b - a +0 scale mail (worn)
 c - a +0 shield (worn)
Jewellery
 i - a ring of protection from fire (left hand)
Scrolls
 g - 2 scrolls of fog {unknown}
 l - a scroll of enchant weapon {unknown}
 o - a scroll of blinking {unknown}
 p - 3 scrolls of remove curse {unknown}
 r - 2 scrolls of identify {unknown}
 s - a scroll of immolation {unknown}
Potions
 d - a potion of might
 e - a potion of flight {unknown}
 h - a potion of berserk rage
 j - a potion of cancellation {unknown}
 q - a potion of lignification {unknown}
 t - a potion of curing {unknown}
Comestibles
 f - 7 rations
 k - 2 chunks of flesh


   Skills:
 + Level 4.1 Fighting
 * Level 5.1 Axes
 + Level 4.2 Armour
 * Level 2.1 Dodging
 + Level 0.1 Stealth
 + Level 4.2 Shields


You had 4 spell levels left.
You didn't know any spells.
Your spell library was empty.

Dungeon Overview and Level Annotations

Branches:
Dungeon (4/15)
 Temple: D:4-7

Altars:

Annotations:
D:4 1 exclusion


Innate Abilities, Weirdness & Mutations

You reflexively headbutt those who attack you in melee.
You have a pair of horns on your head.


Message History

The worker ant is lightly wounded.
You closely miss the leopard gecko.
You feel sick. You block the worker ant's attack. The leopard gecko bites you.
* * * LOW HITPOINT WARNING * * *
You feel very mighty all of a sudden.
You feel sick. You block the worker ant's attack.
The leopard gecko bites you but does no damage.
The orc wizard gestures wildly while chanting.
The orc wizard seems to speed up.
The worker ant bites you.
* * * LOW HITPOINT WARNING * * *
You block the leopard gecko's attack.
You hear a shout!
It was a potion of berserk rage.
A red film seems to cover your vision as you go berserk!
You feel yourself moving faster!
You feel mighty! You block the orc wizard's attack.
The orc wizard hits you but does no damage.
The orc wizard casts a spell at you. The magic dart hits you!
You die...

### o... ###
..## ..# ..$
###.# #.## #...#
#..#####...##
##..........###
##oo####.###...#
##+#.@## ###
#...####
#...a#ll≈≈≈≈+
#......#
#.....#r≈≈≈≈≈+
#.#<##.#
#......+##≈≈###
#...##.#
#........
###.###...##.#
+........
...[........
#.>.......
........##.#
##.......#
#........##.#
##.....##
####....###.#


You could see a worker ant, 2 orc wizards, a river rat and 2 leopard geckos.

Vanquished Creatures
  A phantom (D:4)
  Jessica (D:2)
  2 adders (D:2)
  An adder skeleton (D:4)
  A worm (D:2)
  3 dart slugs
  2 leopard geckos
  A ball python (D:4)
  2 giant cockroaches
  5 goblins
  10 hobgoblins
  9 kobolds
  2 quokkas (D:2)
  8 bats
  2 frilled lizards
  5 rats
55 creatures vanquished.

Vanquished Creatures (others)
  A plant (D:1)
1 creature vanquished.

Grand Total: 56 creatures vanquished

Notes
Turn   | Place    | Note
-------+----------+-------------------------------------------
     0 | D:1      | erker the Minotaur Fighter began the quest for the Orb.
     0 | D:1      | Reached XP level 1. HP: 19/19 MP: 0/0
   280 | D:1      | Reached XP level 2. HP: 27/27 MP: 1/1
   466 | D:1      | Reached skill level 3 in Axes
   703 | D:2      | Reached skill level 1 in Dodging
   704 | D:2      | Reached XP level 3. HP: 33/33 MP: 2/2
   746 | D:2      | Noticed Jessica
   757 | D:2      | Killed Jessica
   778 | D:2      | Reached XP level 4. HP: 18/40 MP: 3/3
   994 | D:2      | Reached skill level 4 in Axes
  1810 | D:4      | Noticed a phantom
  1865 | D:4      | Killed a phantom
  1865 | D:4      | Reached skill level 5 in Axes
  1865 | D:4      | Reached XP level 5. HP: 22/46 MP: 4/4
  1912 | D:4      | HP: 2/46 [worker ant (6)]
  1913 | D:4      | Killed from afar by an orc wizard

Skill      XL: |  1  2  3  4 |
---------------+-------------+-----
Axes           | 3 5 |  5.1
Dodging        | 1 2 |  2.1
Armour         | 4 |  4.2
Fighting       | 4 |  4.1
Shields        | 4 |  4.2
Stealth        | |  0.1

Action                   |  1- 3 |  4- 6 || total
-------------------------+-------+-------++-------
Melee: War axe           |    77 |    85 ||   162
       Headbutt          |     7 |    11 ||    18
  Use: Potion            |       |     2 ||     2
  Eat: Chunk             |       |     3 ||     3
Armor: Scale mail        |    37 |    39 ||    76
Dodge: Dodged            |    27 |    18 ||    45
Block: Shield            |    36 |    48 ||    84
